 Dungeon Crawl Stone Soup version 0.25-a0-50-gf0389da217 (webtiles) character file.

Game seed: 3314987761394823985, levelgen mode: deterministic

26 Arixos the Sneak (level 3, 1/31 HPs)
             Began as a Naga Enchanter on Oct 24, 2019.
             Quit the game on level 2 of the Dungeon.
             The game lasted 00:06:58 (751 turns).

Arixos the Sneak (Naga Enchanter)                    Turns: 751, Time: 00:06:58

Health: 1/31       AC:  2    Str: 10    XL:     3   Next: 8%
Magic:  5/6        EV: 10    Int: 15    God:
Gold:   44         SH:  0    Dex: 12    Spells: 3/6 levels left

rFire    . . .     SeeInvis +   a - +1 dagger
rCold    . . .     Gourm    .   (no shield)
rNeg     . . .     Faith    .   b - +0 robe
rPois    +         Spirit   .   (no helmet)
rElec    .         Reflect  .   (no cloak)
rCorr    .         Harm     .   (no gloves)
MR       .....                  (no barding)
Stlth    +++.......             (no amulet)
HPRegen  0.10/turn              (no ring)
MPRegen  0.10/turn              (no ring)

@: very slow
A: large, see invisible, deformed body, poison resistance, slowness 2, slow
metabolism 1, spit poison 1, AC +1
a: Spit Poison


You were on level 2 of the Dungeon.
You were not hungry.

You visited 1 branch of the dungeon, and saw 2 of its levels.

You collected 44 gold pieces.

Inventory:

Hand Weapons
 a - a +1 dagger (weapon)
Armour
 b - a +0 robe (worn)
Scrolls
 e - a scroll of immolation {unknown}
 f - a scroll of identify {unknown}
 h - a scroll of enchant armour {unknown}
Potions
 g - a potion of agility {unknown}
Comestibles
 c - 4 chunks of flesh
 d - 2 rations


   Skills:
 + Level 1.0 Fighting
 + Level 1.3 Short Blades
 + Level 0.4 Armour
 + Level 1.7 Dodging
 + Level 4.7 Stealth
 + Level 2.1 Spellcasting
 + Level 3.1 Hexes
 + Level 0.1 Ice Magic


You had 3 spell levels left.
You knew the following spells:

 Your Spells              Type           Power        Failure   Level  Hunger
a - Ensorcelled Hibernat  Hex/Ice        #.....       17%         2    ###....
b - Corona                Hex            ##.....      6%          1    #......

Your spell library contained the following spells:

 Spells                   Type           Power        Failure   Level  Hunger
 Confuse                  Hex            ##......     19%         3    ###....
 Tukima's Dance           Hex            ##......     19%         3    ###....
 Dazzling Spray           Conj/Hex       #.....       34%         3    ###....


Dungeon Overview and Level Annotations

Branches:
Dungeon (2/15)

Altars:

Annotations:
D:2 Robin


Innate Abilities, Weirdness & Mutations

You cannot wear boots.
Your serpentine skin is tough. (AC +1)
You have supernaturally acute eyesight. (SInv)
Armour fits poorly on your strangely shaped body.
Your system is resistant to poisons. (rPois)
You cover ground very slowly.
You have a slow metabolism.
You can spit poison.


Message History

The hobgoblin hits you with a +0 club. The goblin hits you.
Robin throws the goblin at you! The hobgoblin hits you with a +0 club.
* * * LOW HITPOINT WARNING * * *
The goblin hits you but does no damage. The goblin hits you but does no damage.
The hobgoblin no longer looks unusually strong.
The hobgoblin hits you with a +0 club.
* * * LOW HITPOINT WARNING * * *
The goblin no longer looks unusually strong. x2
Robin throws the goblin at you!
The goblin unwields a +0 hunting sling.
The goblin closely misses you.
You closely miss the goblin.
The goblin no longer looks unusually strong. x2
The goblin hits you.
* * * LOW HITPOINT WARNING * * *
The goblin closely misses you. Robin throws the goblin at you!
* * * LOW HITPOINT WARNING * * *
The goblin hits you.
* * * LOW HITPOINT WARNING * * *
Are you sure you want to abandon this character and quit the game? (Confirm with "yes".)

#.....# ...###.#......
#...#.# #...รท.).......
###.....###....#.#....$.
#...#.#g.............>..
#.#......g...g..........
#.#..#g......g........
...#gg#.########.......
#... ##g#g# ..8....
...## #(g@g# ....... ...
#..gg# .. #....# ######


You could see Robin, a hobgoblin and 8 goblins.

Vanquished Creatures
  A dart slug (D:1)
  2 giant cockroaches
  5 goblins
  5 kobolds (D:1)
  3 bats (D:1)
  4 frilled lizards
  3 rats (D:1)
23 creatures vanquished.

Notes
Turn   | Place    | Note
-------+----------+-------------------------------------------
     0 | D:1      | Arixos the Naga Enchanter began the quest for the Orb.
     0 | D:1      | Reached XP level 1. HP: 15/15 MP: 3/3
   167 | D:1      | Reached XP level 2. HP: 24/24 MP: 5/5
   312 | D:1      | Learned a level 2 spell: Ensorcelled Hibernation
   715 | D:2      | Reached XP level 3. HP: 30/30 MP: 3/6
   718 | D:2      | Reached skill level 1 in Fighting
   730 | D:2      | Noticed Robin
   750 | D:2      | HP: 1/31 [goblin[Robin] (3)]
   751 | D:2      | Quit the game

Levels and vault maps discovered:
D:1:      lightli_arrival_windingriver, layout_rooms
D:2:      wander_river, layout_basic, st_stairs_1, uniq_crazy_yiuf_cottage,
          uniq_robin

Skill      XL: |  1  2  3 |
---------------+----------+-----
Fighting       | 1 |  1.0
Short Blades   | |  1.3
Armour         | |  0.4
Dodging        | |  1.7
Stealth        | |  4.7
Spellcasting   | |  2.1
Hexes          | |  3.1
Ice Magic      | |  0.1

Action                   || total
-------------------------++-------
Melee: Dagger            ||    53
 Cast: Ensorcelled Hiber ||     5
 Abil: Spit Poison       ||    15
 Stab: Sleeping          ||     3
       Distracted        ||     1
Armor: Robe              ||     5
Dodge: Dodged            ||    24

Table legend:
 A = Non-vault XP
 B = Vault XP
 C = Vault XP percentage of total XP
 D = Non-vault monster count
 E = Vault monster count
 F = Vault count percentage of total count
                 A         B        C        D         E       F
            +---------+---------+-------+---------+---------+-------
      Total |      34 |       4 |  10.5 |      20 |       3 |  13.0
            +---------+---------+-------+---------+---------+-------
        D:1 |      32 |       0 |   0.0 |      19 |       0 |   0.0
        D:2 |       2 |       4 |  66.7 |       1 |       3 |  75.0
            +---------+---------+-------+---------+---------+-------
